 Dungeon Crawl Stone Soup version 0.30-a0-620-g0e44632947 (webtiles) character file.

Game seed: 15674775738894702750

53 Malachi the Scratcher (level 3, -3/15 HPs)
             Began as a Felid Transmuter on Jan 10, 2023.
             Slain by a worm (6 damage)
             ... on level 2 of the Dungeon.
             The game lasted 00:02:28 (1302 turns).

Malachi the Scratcher (Felid Transmuter)            Turns: 1302, Time: 00:02:28

Health: -3/15      AC:  1    Str:  6    XL:     3   Next: 64%
Magic:  6/6        EV: 18    Int: 14    God:
Gold:   59         SH:  0    Dex: 18    Spells: 5/6 levels left
                                        Lives:  0   Deaths: 0

rFire   . . .      SeeInvis +      - Unarmed
rCold   . . .      Faith    .    (shield unavailable)
rNeg    . . .      Spirit   .    (body armour unavailable)
rPois   .          Reflect  .    (helmet unavailable)
rElec   .          Harm     .    (cloak unavailable)
rCorr   .          Rampage  .    (gloves unavailable)
Will    .....                    (boots unavailable)
Stlth   ++                       (no amulet)
HPRegen 0.22/turn                (no ring)
MPRegen 0.10/turn                (no ring)

@: appendages (expiring), unable to read, quick
A: horns 2, very small, claws 1, fangs 3, see invisible, speed 1, shaggy fur 1,
stealthy paws, no weapons or thrown items, no armour, multi-lived, low MP 1,
inability to read after injury 1, MP-powered wands
a: End Transformation


You were on level 2 of the Dungeon.
You had temporarily grown beastly horns.
You visited 1 branch of the dungeon, and saw 4 of its levels.

You collected 59 gold pieces.

Inventory:

Scrolls
 a - a scroll of teleportation {unknown}
 d - a scroll of magic mapping {unknown}
 e - 2 scrolls of identify {unknown}
 f - a scroll of immolation {unknown}
 g - a scroll of enchant armour {unknown}


   Skills:
 - Level 1.1 Fighting
 + Level 3.6 Dodging
 * Level 4.1 Unarmed Combat
 - Level 2.0 Spellcasting
 - Level 2.2 Transmutations


You had 5 spell levels left.
You knew the following spells:

 Your Spells              Type           Power      Damage    Failure   Level
a - Beastly Appendage     Tmut           14%        N/A       10%         1

Your spell library contained the following spells:

 Spells                   Type           Power      Damage    Failure   Level
 Wereblood                Tmut           7%         N/A       14%         2
 Necrotise                Necr           4%         1d4       24%         1
 Spider Form              Tmut/Pois      4%         N/A       41%         3
 Gell's Gravitas          Tloc           1%         N/A       56%         3
 Teleport Other           Tloc           1%         N/A       56%         3
 Vampiric Draining        Necr           1%         2d6       56%         3
 Ice Form                 Ice/Tmut       4%         N/A       83%         4
 Agony                    Necr           1%         N/A       100%        5
 Dispersal                Tloc           0%         N/A       100%        6


Dungeon Overview and Level Annotations

Branches:
Dungeon (4/15)
 Temple: D:4-7

Altars:


Innate Abilities, Weirdness & Mutations

You have temporarily grown beastly horns.
You have sharp claws.
You have razor-sharp teeth.
You have supernaturally acute eyesight. (SInv)
You cover ground quickly. (Speed+)
You are covered in fur. (AC +1)
Your paws help you pounce on unaware monsters.
You are incapable of wielding weapons or throwing items.
You cannot wear armour.
You gain extra lives every three experience levels.
Your magical capacity is low. (-10% MP)
You occasionally lose the ability to read scrolls when taking damage.
You expend magic power (3 MP) to strengthen your wands.


Message History

Press: ? - help, Q - select action Dir - look around, f - activate You grow a pair of large bovine horns.
The ball python bites you. The ball python completely misses you.
Unknown command.
You claw the ball python!
You kill the ball python!
No target in view!
There is a stone staircase leading up here.
You climb upwards.
Found 12 gold pieces.
There is a stone staircase leading down here.
Unknown command.
A worm is nearby!
Casting: Beastly Appendage (safe; 10% risk of failure)
Press: ? - help, Q - select action Dir - look around, f - activate
Okay, then.
Your transformation is almost over.
You scratch the worm.
You headbutt the worm, but do no damage.
The worm is moderately wounded.
The worm bites you!
Ouch! That really hurt!
* * * LOW HITPOINT WARNING * * *
You scratch the worm.
The worm is heavily wounded.
You scratch the worm.
The worm is heavily wounded.
The worm misses you.
You scratch the worm but do no damage.
The worm is heavily wounded.
You scratch the worm. You claw the worm.
The worm is almost dead.
The worm closely misses you.
You scratch the worm but do no damage.
The worm is almost dead.
You scratch the worm but do no damage. Your headbutt misses the worm.
The worm is almost dead.
The worm bites you.
You feel threatened and lose the ability to read scrolls!
You die...

##########
...$..w@>#
##...###.#
#. #.# #..
#.## ...
#.# #.#


You could see a worm.

Vanquished Creatures
  An adder (D:2)
  2 endoplasms (D:1)
  3 giant cockroaches
  A goblin (D:1)
  4 hobgoblins (D:1)
  7 jackals (D:1)
  A kobold (D:1)
  5 quokkas
  6 ball pythons
  4 bats
  3 frilled lizards
  2 rats (D:1)
39 creatures vanquished.

Notes
Turn   | Place    | Note
-------+----------+-------------------------------------------
     0 | D:1      | Malachi the Felid Transmuter began the quest for the Orb.
     0 | D:1      | Reached XP level 1. HP: 9/9 MP: 4/4
   198 | D:1      | Reached XP level 2. HP: 8/12 MP: 4/6
   609 | D:1      | Reached XP level 3. HP: 13/15 MP: 5/7
   958 | D:2      | Gained mutation: Your magical capacity is low. (-10% MP)
                  | [potion of mutation]
   958 | D:2      | Gained mutation: You occasionally lose the ability to read
                  | scrolls when taking damage. [potion of mutation]
   958 | D:2      | Gained mutation: You expend magic power (3 MP) to
                  | strengthen your wands. [potion of mutation]
   969 | D:2      | Reached skill level 4 in Unarmed Combat
  1130 | D:2      | You fall into a shaft and drop 2 floors!
  1302 | D:2      | Slain by a worm

Illustrated notes

Levels and vault maps discovered:
D:1:      psy_arrival_statuary, layout_basic
D:2:      layout_basic
D:3:      layout_basic
D:4:      layout_loops_ring

Skill      XL: |  1  2  3 |
---------------+----------+-----
Dodging        | 3 |  3.6
Unarmed Combat | 4 |  4.1
Fighting       | |  1.1
Spellcasting   | |  2.0
Transmutations | |  2.2

Action                   || total
-------------------------++-------
Melee: Unarmed           ||   109
       Headbutt          ||    17
       Bite              ||     7
       Punch             ||     6
 Cast: Beastly Appendage ||    25
  Use: Potion            ||     3
 Stab: Sleeping          ||     2
Armor: Skin              ||     5
Dodge: Dodged            ||    78

Table legend: (Time is in decaauts)
 A = Elapsed time spent in this place.
 B = Non-inter-level travel time spent in this place.
 C = Inter-level travel time spent in this place.
 D = Time resting spent in this place.
 E = Time spent auto-exploring this place.
 F = Levels seen in this place.
 G = Mean time per level.
                   A        B        C        D        E       F      G
               +--------+--------+--------+--------+--------+-----+--------+
         Total |   1174 |   1170 |      4 |    391 |    441 |   4 |  293.5 |
       Dungeon |   1174 |   1170 |      4 |    391 |    441 |   4 |  293.5 |
               +--------+--------+--------+--------+--------+-----+--------+

Top non-repeatable levels by time:
     D:1: 785 daAuts
     D:2: 241 daAuts
     D:3: 133 daAuts
     D:4: 13 daAuts
